 Dungeon Crawl Stone Soup version 0.31.0-32-g396128a36d (webtiles) character file.

Game seed: 4577064559824285978

14977 gohu the Thaumaturge (level 12, -12/94 HPs)
             Began as a Djinni Fire Elementalist on Mar 10, 2024.
             Was a High Priest of Makhleb.
             Mangled by a boulder beetle (20 damage)
             ... on level 1 of the Lair of Beasts.
             The game lasted 00:30:12 (13280 turns).

gohu the Thaumaturge (Djinni Fire Elementalist)    Turns: 13280, Time: 00:30:13

Health: -12/94     AC: 11    Str:  7    XL:     12   Next: 51%
Gold:   397        EV: 11    Int: 22    God:    Makhleb [*****.] SH:  5 Dex: 14

rFire   + + +        (no weapon)
rCold   x . .        x - +0 buckler
rNeg    . . .        y - +0 steam dragon scales
rPois   ∞            j - +0 helmet
rElec   .            l - +0 cloak
rCorr   .            (no gloves)
SInv    .            (boots unavailable)
Will    +....        (no amulet)
Stlth   ++           o - ring of protection from fire
HPRegen 0.35/turn    I - +4 ring of protection
MPRegen 0.00/turn

%: infuse magic (-13 HP)
@: flying
A: sickness immunity, fire resistance 2, cold vulnerability 1, float, innate
caster, HP casting, extra vitality 1
a: Renounce Religion, Minor Destruction, Lesser Servant of Makhleb, Major
Destruction, Greater Servant of Makhleb


You were on level 1 of the Lair of Beasts.
You worshipped Makhleb.
Makhleb was extremely pleased with you.
You visited 3 branches of the dungeon, and saw 13 of its levels.

You collected 629 gold pieces.
You spent 232 gold pieces at shops.

Inventory:

Missiles
 G - 2 throwing nets
Armour
 j - a +0 helmet (worn)
 l - a +0 cloak (worn)
 m - a +1 robe of cold resistance
 x - a +0 buckler (worn)
 y - +0 steam dragon scales (worn)
 B - a +2 robe of fire resistance
 F - a +0 kite shield
Jewellery
 o - a ring of protection from fire (left hand)
 D - a ring of fire
 I - a +4 ring of protection (right hand)
Wands
 i - a wand of flame (30)
 k - a wand of paralysis (6)
 r - a wand of iceblast (8)
 u - a wand of polymorph (12)
Scrolls
 b - 5 scrolls of teleportation
 c - 3 scrolls of poison {unknown}
 e - 3 scrolls of amnesia {unknown}
 n - 2 scrolls of revelation
 v - a scroll of blinking
 C - 2 scrolls of fog
 H - 2 scrolls of torment
Potions
 d - 2 potions of invisibility
 f - 2 potions of lignification
 g - 3 potions of brilliance
 h - a potion of ambrosia
 q - a potion of haste
 s - 5 potions of mutation
 t - 3 potions of might
 w - 3 potions of magic {unknown}
 z - 2 potions of curing
 A - a potion of degeneration
 E - 2 potions of attraction {unknown}


   Skills:
 * Level 11.5 Fighting
 - Level 2.1 Dodging
 - Level 1.5 Stealth
 - Level 5.0 Shields
 * Level 12.1 Spellcasting
 * Level 12.1 Conjurations
 * Level 12.1 Hexes
   Level 0.0 Charms
 * Level 12.1 Summonings
 * Level 12.1 Necromancy
 * Level 12.1 Translocations
   Level 0.0 Transmutations
 * Level 12.1 Fire Magic
 * Level 12.1 Ice Magic
 * Level 12.1 Air Magic
 * Level 12.1 Earth Magic
 * Level 12.1 Alchemy


You knew the following spells:

 Your Spells              Type           Power      Damage    Failure   Level
a - Airstrike             Air            30%        2d(5-21)  1%          4
b - Scorch                Fire           100%       2d9       1%          2
c - Flame Wave            Conj/Fire      61%        2d14      1%          4
d - Summon Ice Beast      Ice/Summ       61%        N/A       1%          3
e - Volatile Blastmotes   Fire/Tloc      100%       2d18      1%          3
f - Sting                 Conj/Alch      100%       1d9       1%          1
g - Blink                 Tloc           100%       N/A       1%          2
h - Inner Flame           Hex/Fire       61%        N/A       1%          3
i - Sticky Flame          Fire/Alch      61%        2d10      1%          4
j - Foxfire               Conj/Fire      100%       2x1d9     1%          1
Your spell library was empty.

Dungeon Overview and Level Annotations

Branches:
Dungeon (11/15)            Temple (1/1) D:4            Lair (1/5) D:10
    Orc (0/2) D:11

Altars:
Ashenzari
Cheibriados
Dithmenos
Elyvilon
Fedhas
Gozag
Hepliaklqana
Makhleb
Nemelex Xobeh
Okawaru
Qazlal
Ru
Trog
Uskayaw
Wu Jian
Xom
Yredelemnul
Zin
The Shining One
Jiyva

Shops:
D:8 ?

Annotations:
D:7 2 transporters, aheadsoundss's ghost, novice FeCK
D:10 1 runed translucent door
Lair:1 3 runed translucent doors, Drachta's ghost, journeyman KoEn; Frank's ghost, journeyman DsFi; JaaP's ghost, journeyman HOMo; phunky83's ghost, journeyman FeBe


Innate Abilities, Weirdness & Mutations

You are immune to sickness and miasma.
You are immune to poison.
Your flesh is very heat resistant. (rF++)
You are vulnerable to cold. (rC-)
You float through the air rather than walking.
You learn spells naturally, not from books.
Your magical power is your life essence.
You have superior vitality. (+4 MHP)


Message History

A chill wind blows around you.
The boulder beetle curls into a ball and begins rolling!
Your ice beast hits the boulder beetle but does no damage.
Casting: Summon Ice Beast (safe; 1% risk of failure)
Confirm with . or Enter, or press ? or * to list all spells.
Aiming: Airstrike (mildly dangerous; 1% risk of failure)
Press: ? - help, Dir - move target, f/p - boulder beetle
Aim: a boulder beetle (lightly wounded, rolling, ally target, empty space bonus: 7/8)
The air twists around and strikes the boulder beetle.
The boulder beetle is moderately wounded.
The boulder beetle hits you!!
The boulder beetle stops rolling and uncurls.
Your ice beast hits the boulder beetle.
Your ice beast freezes the boulder beetle!
Casting: Airstrike (mildly dangerous; 1% risk of failure)
Confirm with . or Enter, or press ? or * to list all spells.
Aiming: Airstrike (mildly dangerous; 1% risk of failure)
Press: ? - help, Dir - move target, f/p - boulder beetle
Aim: a boulder beetle (moderately wounded, ally target, empty space bonus: 6/8)
The air twists around and strikes the boulder beetle!
The boulder beetle is heavily wounded.
The boulder beetle bites you!
* * * LOW HITPOINT WARNING * * *
Your ice beast hits the boulder beetle but does no damage.
Casting: Airstrike (mildly dangerous; 1% risk of failure)
Confirm with . or Enter, or press ? or * to list all spells.
Flames lash the boulder beetle but do no damage.
* * * LOW HITPOINT WARNING * * *
The boulder beetle bites you.
* * * LOW HITPOINT WARNING * * *
Your ice beast hits the boulder beetle but does no damage.
The boulder beetle bites you!
* * * LOW HITPOINT WARNING * * *
Your ice beast hits the boulder beetle but does no damage.
Your ice beast hits the boulder beetle but does no damage.
The boulder beetle curls into a ball and begins rolling!
Your ice beast hits the boulder beetle but does no damage.
The boulder beetle attacks as it pursues you!
The boulder beetle hits you!!
You die...

.## #P.## #. # .# ##.# .### ##
#.# ... #### ##.# #.# P#.####
#..# #######.##### ....#)# ###
#..## #...........#
#.#.#.###.#####..# #..........#
..#...+..##.###.## #..........#
..#.#...........@#####....>.....#
..#....######.#..B○°Y...........B
###.#### ##...##.##..[.......#
#.. ###.#######...P##### ##+ ##.#
####...###### #..# #............
###~.# ##...........
###P.~♣#####.†.........
#.....♣.#.YY.†.........


You could see a boulder beetle (rolling, ally target) and a friendly ice beast
(summoned).

Vanquished Creatures
  A two-headed ogre (D:11)
  A boulder beetle (D:11)
  An orc knight (D:11)
  A meliai (shapeshifter) (D:11)
  A komodo dragon (D:11)
  A troll (D:10)
  Prince Ribbit (Lair:1)
  3 blink frogs (Lair:1)
  Sigmund (D:4)
  2 shadows
  5 wraiths (D:10)
  15 yaks
  2 fire bats (D:10)
  A wyvern (Lair:1)
  A steam dragon (D:7)
  An acid dragon (D:10)
  2 water moccasins (D:7)
  An ice beast (D:4)
  4 orc warriors
  A black bear (D:5)
  An ogre (D:5)
  2 centaurs
  2 phantoms
  2 kobold brigands
  2 bullfrogs
  A gnoll sergeant (D:10)
  2 scorpions
  12 wights
  5 killer bees
  5 electric eels
  A howler monkey (D:11)
  A bombardier beetle (D:4)
  4 hounds
  2 orc priests (D:11)
  3 jellies
  8 orc wizards
  8 gnolls
  5 adders
  2 shadow imps
  A white imp (D:5)
  5 ufetubi
  4 dart slugs
  3 ribbon worms
  24 orcs
  6 ball pythons
  4 endoplasms
  4 giant cockroaches
  6 goblins
  8 hobgoblins
  9 jackals
  3 quokkas
  11 bats
  2 frilled lizards
  10 kobolds
  3 rats
217 creatures vanquished.

Vanquished Creatures (collateral kills)
  A skyshark (Lair:1)
  An ugly thing (D:10)
  A komodo dragon (Lair:1)
  A kobold demonologist (D:9)
  A troll (D:10)
  6 yaks
  A wraith (D:10)
  2 steam dragons (D:6)
  A water moccasin (D:6)
  2 black bears
  A centaur (D:9)
  A gnoll sergeant (D:9)
  3 scorpions
  4 bullfrogs
  A wight (D:9)
  2 killer bees (D:9)
  A howler monkey (D:7)
  3 jellies
  A bombardier beetle (D:5)
  A hound (D:5)
  A gnoll bouda (D:8)
  2 orc priests
  2 iguanas
  An orc wizard (D:8)
  12 gnolls
  An adder (D:6)
  2 shadow imps
  A white imp (D:7)
  An ufetubus (D:6)
  A dart slug (D:9)
  17 orcs
  A goblin (D:3)
  A hobgoblin (D:4)
  2 bats
  3 kobolds
83 creatures vanquished.

Vanquished Creatures (others)
  468 foxfires
468 creatures vanquished.

Grand Total: 768 creatures vanquished

Notes
Turn   | Place    | Note
-------+----------+-------------------------------------------
     0 | D:1      | gohu the Djinni Fire Elementalist began the quest for the
                  | Orb.
     0 | D:1      | gohu set off with the following spells memorised: Foxfire,
                  | Scorch, Volatile Blastmotes, Inner Flame, Flame Wave.
     0 | D:1      | Reached XP level 1. HP: 15/15 MP: 0/0
    23 | D:1      | Reached XP level 2. HP: 15/21 MP: 0/0
   383 | D:1      | Reached XP level 3. HP: 17/25 MP: 0/0
   383 | D:1      | Learned a level 1 spell: Sting
   906 | D:2      | Found an ornate altar of the Wu Jian Council.
   972 | D:2      | Identified the +5 flail of Foolhardiness {spect, rElec
                  | Will++ Str-3 Int-2}
  1131 | D:2      | Reached XP level 4. HP: 26/31 MP: 0/0
  1325 | D:3      | Noticed a scorpion
  1389 | D:3      | Found a broken altar of Ashenzari.
  1417 | D:3      | You are sucked into a shaft and drop 1 floor!
  1452 | D:4      | Reached XP level 5. HP: 27/35 MP: 0/0
  1452 | D:4      | Learned a level 2 spell: Blink
  1452 | D:4      | Noticed a phantom
  1459 | D:4      | Killed a phantom
  1460 | D:4      | Reached skill level 5 in Spellcasting
  1460 | D:4      | Reached skill level 5 in Conjurations
  1460 | D:4      | Reached skill level 5 in Hexes
  1460 | D:4      | Reached skill level 5 in Summonings
  1460 | D:4      | Reached skill level 5 in Necromancy
  1460 | D:4      | Reached skill level 5 in Translocations
  1460 | D:4      | Reached skill level 5 in Fire Magic
  1460 | D:4      | Reached skill level 5 in Ice Magic
  1460 | D:4      | Reached skill level 5 in Air Magic
  1460 | D:4      | Reached skill level 5 in Earth Magic
  1460 | D:4      | Reached skill level 5 in Alchemy
  1588 | D:4      | Reached XP level 6. HP: 37/40 MP: 0/0
  1604 | D:4      | Noticed an ice beast
  1613 | D:4      | Killed an ice beast
  1766 | D:4      | Reached XP level 7. HP: 20/45 MP: 0/0
  1766 | D:4      | Learned a level 3 spell: Summon Ice Beast
  1871 | D:4      | Found a staircase to the Ecumenical Temple.
  1878 | Temple   | Entered the Ecumenical Temple
  1895 | Temple   | Became a worshipper of Makhleb the Destroyer
  2027 | D:4      | Noticed Sigmund
  2045 | D:4      | Killed Sigmund
  2545 | D:3      | Reached * piety under Makhleb
  2574 | D:3      | Found an opulent altar of Gozag.
  3099 | D:4      | Reached XP level 8. HP: 46/50 MP: 0/0
  3388 | D:5      | Entered Level 5 of the Dungeon
  3893 | D:5      | Found an ornate altar of the Wu Jian Council.
  4091 | D:5      | Found a sacrificial altar of Ru.
  4146 | D:6      | Reached skill level 1 in Fighting
  4146 | D:6      | Reached skill level 1 in Shields
  4146 | D:6      | Reached XP level 9. HP: 52/57 MP: 0/0
  4146 | D:6      | Learned a level 4 spell: Sticky Flame
  4224 | D:6      | Reached ** piety under Makhleb
  4371 | D:6      | Found a white marble altar of Elyvilon.
  5702 | D:7      | Reached XP level 10. HP: 52/69 MP: 0/0
  5765 | D:7      | Found a transporter.
  5765 | D:7      | Found a transporter.
  5766 | D:7      | Noticed aheadsoundss's ghost (novice FeCK)
  5769 | D:7      | Identified the +9 giant spiked club of Fate {pain, Str+4}
  6467 | D:8      | Reached skill level 5 in Fighting
  6467 | D:8      | Reached skill level 5 in Shields
  6540 | D:8      | Reached *** piety under Makhleb
  6659 | D:8      | Found a viscous altar of Jiyva.
  6672 | D:8      | Found Aptiukod's Magic Scroll Emporium.
  6678 | D:8      | Bought a scroll of teleportation for 48 gold pieces
  6678 | D:8      | Bought a scroll of identify for 32 gold pieces
  6678 | D:8      | Bought a scroll of identify for 32 gold pieces
  6678 | D:8      | Bought a scroll of revelation for 120 gold pieces
  6876 | D:8      | Found a bloodstained altar of Trog.
  7251 | D:9      | Found a snail-covered altar of Cheibriados.
  7258 | D:9      | Noticed a kobold demonologist
  7265 | D:9      | Killed a kobold demonologist
  7314 | D:9      | Found a stormy altar of Qazlal.
  7460 | D:9      | Reached skill level 10 in Spellcasting
  7460 | D:9      | Reached skill level 10 in Conjurations
  7460 | D:9      | Reached skill level 10 in Hexes
  7460 | D:9      | Reached skill level 10 in Summonings
  7460 | D:9      | Reached skill level 10 in Necromancy
  7460 | D:9      | Reached skill level 10 in Translocations
  7460 | D:9      | Reached skill level 10 in Fire Magic
  7460 | D:9      | Reached skill level 10 in Ice Magic
  7460 | D:9      | Reached skill level 10 in Air Magic
  7460 | D:9      | Reached skill level 10 in Earth Magic
  7460 | D:9      | Reached skill level 10 in Alchemy
  7699 | D:9      | Found Fycesuih's Magic Scroll Shoppe.
  7950 | D:9      | Found a blossoming altar of Fedhas.
  8653 | D:9      | Found an iron altar of Okawaru.
  8884 | D:10     | Entered Level 10 of the Dungeon
  8890 | D:10     | Reached XP level 11. HP: 73/80 MP: 0/0
  8890 | D:10     | Learned a level 4 spell: Airstrike
  8995 | D:10     | Noticed a brown ugly thing
  9014 | D:10     | Killed a brown ugly thing
  9046 | D:10     | Reached **** piety under Makhleb
  9576 | D:10     | Identified the +5 long sword of the Endless Expanse {spect,
                  | rCorr}
 10072 | D:10     | Found a glowing silver altar of Zin.
 10157 | D:10     | Found a staircase to the Lair.
 10450 | D:10     | Found a runed translucent door.
 10483 | D:10     | Found a hide-covered altar of Uskayaw.
 10501 | D:10     | Found a hazy altar of Hepliaklqana.
 10525 | D:10     | Found a shimmering altar of Xom.
 10568 | D:10     | Found a broken altar of Ashenzari.
 10757 | D:10     | Found a glowing silver altar of Zin.
 10773 | D:10     | Found a shimmering altar of Xom.
 10958 | D:10     | Noticed a flayed ghost
 11110 | D:11     | Noticed an orc knight
 11116 | D:11     | Killed an orc knight
 11116 | D:11     | Reached ***** piety under Makhleb
 11311 | D:11     | Noticed a two-headed ogre
 11315 | D:11     | Reached skill level 10 in Fighting
 11327 | D:11     | Killed a two-headed ogre
 11330 | D:11     | Reached XP level 12. HP: 63/91 MP: 0/0
 11513 | D:11     | Noticed a boulder beetle
 11520 | D:11     | Killed a boulder beetle
 11878 | D:11     | Found a broken altar of Ashenzari.
 11984 | D:11     | Found a staircase to the Orcish Mines.
 12313 | Lair:1   | Entered Level 1 of the Lair of Beasts
 12359 | Lair:1   | Noticed a skyshark
 12366 | Lair:1   | Killed a skyshark
 12499 | Lair:1   | Noticed Prince Ribbit
 12510 | Lair:1   | Killed Prince Ribbit
 12578 | Lair:1   | Noticed a boulder beetle
 13219 | Lair:1   | Found a runed translucent gate.
 13219 | Lair:1   | Found a runed translucent gate.
 13219 | Lair:1   | Found a runed translucent gate.
 13219 | Lair:1   | Noticed Frank's ghost (journeyman DsFi)
 13219 | Lair:1   | Noticed JaaP's ghost (journeyman HOMo)
 13219 | Lair:1   | Noticed phunky83's ghost (journeyman FeBe)
 13219 | Lair:1   | Noticed Drachta's ghost (journeyman KoEn)
 13280 | Lair:1   | Mangled by a boulder beetle

Illustrated notes

Levels and vault maps discovered:
D:1:      lemuel_arrival_broad_hall, layout_basic
D:2:      layout_basic, basic_altar
D:3:      layout_loops_ring, mainiacjoe_overflow_concentric_impassable,
          mainiacjoe_overflow_24_doors, skrybe_limestone_x,
          minmay_misc_feat_five, corexii_corridor_pit, st_stairs_14,
          chequers_serial_rivers_small_a, minmay_unequal
D:4:      layout_basic, minmay_temple_entry_wispy, uniq_sigmund
D:5:      layout_cave_pools, nzn_wu_jian_council_hall,
          nicolae_ru_the_path_less_chosen
D:6:      layout_cave_pools, mainiacjoe_overflow_surrounded_room,
          nicolae_houndstooth_variations
D:7:      layout_gridville, gammafunk_ghost_smash
D:8:      layout_cave_pools, general_overflow_altar, serial_shops,
          nicolae_shop_waterfront, minmay_misc_feat_pillars, jiyva_altar_1
D:9:      layout_basic, nicolae_overflow_crystal_walls, marbit_many_paths,
          kennysheep_slug_shrine, mainiacjoe_overflow_six_doors_small,
          serial_shops, shop_fountains, moated_statue
D:10:     due_megacathedral, layout_irregular_city,
          grunt_temple_overflow_magic_moments, lemuel_tele_altar,
          lair_entry_dummy
D:11:     layout_rooms, erik_orc_2, grunt_decor_clamped,
          nicolae_ashenzari_skybound
Temple:   nicolae_temple_ecumenical_triangle
Lair:1:   layout_roguey, serial_bayou, serial_bayou_lagoon_a,
          serial_bayou_pond_e, serial_bayou_lake_a, serial_bayou_shore_a,
          gammafunk_ghost_cemetery, uniq_prince_ribbit2

Skill      XL: |  1  2  3  4  5  6  7  8  9 10 11 12 |
---------------+-------------------------------------+-----
Spellcasting   | 4 5 6 7 8 9 10 11 12 | 12.1
Conjurations   | 4 5 6 7 8 9 10 11 12 | 12.1
Hexes          | 4 5 6 7 8 9 10 11 12 | 12.1
Summonings     | 4 5 6 7 8 9 10 11 12 | 12.1
Necromancy     | 4 5 6 7 8 9 10 11 12 | 12.1
Translocations | 4 5 6 7 8 9 10 11 12 | 12.1
Fire Magic     | 4 5 6 7 8 9 10 11 12 | 12.1
Ice Magic      | 4 5 6 7 8 9 10 11 12 | 12.1
Air Magic      | 4 5 6 7 8 9 10 11 12 | 12.1
Earth Magic    | 4 5 6 7 8 9 10 11 12 | 12.1
Alchemy        | 4 5 6 7 8 9 10 11 12 | 12.1
Fighting       | 1 4 7 10 11 | 11.5
Shields        | 1 4 5 |  5.0
Dodging        | |  2.1
Stealth        | |  1.5

Action                     |  1- 3 |  4- 6 |  7- 9 | 10-12 || total
---------------------------+-------+-------+-------+-------++-------
   Cast: Foxfire           |    48 |    13 |   169 |    53 ||   283
         Scorch            |    18 |    12 |    23 |    41 ||    94
         Volatile Blastmot |       |    10 |     1 |    20 ||    31
         Summon Ice Beast  |       |       |    46 |    54 ||   100
         Flame Wave        |       |       |       |    13 ||    13
         Airstrike         |       |       |       |   181 ||   181
    Use: Scroll            |       |       |       |    13 ||    13
         Potion            |       |       |       |     1 ||     1
 Armour: Robe              |    10 |     3 |    18 |       ||    31
         Steam dragon scal |       |       |    43 |   119 ||   162
  Dodge: Dodged            |    11 |     3 |    47 |    71 ||   132
  Block: Buckler           |       |       |    14 |    41 ||    55
